TOP OF THE 1ST |
Jackson Generals batting - Pitching for Arkansas Travelers : RHP Andrew Tipton
|
Pitching: RHP Andrew Tipton
|
|
Batting: RHB Mike Conaway
|
0-0: Ball 1-0: Ball 2-0: Ground out 6-3 (Groundball, 6, EV 85.6 MPH)
|
Batting: RHB Zach Downs
|
0-0: Called Strike 0-1: Foul Ball, location: 2F 0-2: Ball 1-2: Strikes out swinging
|
Batting: RHB Ryan Criollo
|
0-0: Ball 1-0: Foul Ball, location: 2F 1-1: Called Strike 1-2: Ball 2-2: Strikes out swinging
|
Top of the 1st over - 0 runs, 0 hits, 0 errors, 0 left on base; Jackson 0 - Arkansas 0 |
BOTTOM OF THE 1ST |
Arkansas Travelers batting - Pitching for Jackson Generals : LHP Matt Lee
|
Pitching: LHP Matt Lee
|
|
Batting: RHB Jose Ramirez
|
0-0: Called Strike 0-1: Ball 1-1: Foul Ball, location: 2F 1-2: Ball 2-2: Strikes out swinging
|
Batting: RHB Tim Lively
|
0-0: Ground out U3 (Groundball, 34S, EV 78.8 MPH)
|
Batting: RHB Ryan Munro
|
0-0: Called Strike 0-1: Swinging Strike 0-2: Strikes out looking
|
Bottom of the 1st over - 0 runs, 0 hits, 0 errors, 0 left on base; Jackson 0 - Arkansas 0 |
TOP OF THE 2ND |
Jackson Generals batting - Pitching for Arkansas Travelers : RHP Andrew Tipton
|
Batting: LHB Taki Matsui
|
0-0: Ball 1-0: Called Strike 1-1: Ball 2-1: Ball 3-1: SINGLE (Line Drive, 8RS, EV 98.1 MPH)
|
Batting: RHB Chris Olheiser
|
0-0: Grounds into double play, 1-6-3 (Groundball, 13, EV 61.9 MPH)
|
Batting: LHB Brent Dutcher
|
0-0: Ball 1-0: Called Strike 1-1: Ball 2-1: Ball 3-1: Base on Balls
|
Batting: RHB Enrique Valdez
|
0-0: Called Strike 0-1: Ball 1-1: Called Strike 1-2: Ball 2-2: Foul Ball, location: 2F 2-2: Foul Ball, location: 2F 2-2: Ball 3-2: Ground out 5-3 (Groundball, 56, EV 87.5 MPH)
|
Top of the 2nd over - 0 runs, 1 hit, 0 errors, 1 left on base; Jackson 0 - Arkansas 0 |
BOTTOM OF THE 2ND |
Arkansas Travelers batting - Pitching for Jackson Generals : LHP Matt Lee
|
Batting: RHB Ryuji Ito
|
0-0: Called Strike 0-1: Ball 1-1: Called Strike 1-2: Foul Ball, location: 2F 1-2: Ground out 4-3 (Groundball, P, EV 88.1 MPH)
|
Batting: LHB James McCauley
|
0-0: Ball 1-0: Called Strike 1-1: Fly out, F7 (Flyball, 7D, EV 95.0 MPH)
|
Batting: RHB Juan Martinez
|
0-0: Ball 1-0: Swinging Strike 1-1: Foul Ball, location: 2F 1-2: Strikes out swinging
|
Bottom of the 2nd over - 0 runs, 0 hits, 0 errors, 0 left on base; Jackson 0 - Arkansas 0 |
TOP OF THE 3RD |
Jackson Generals batting - Pitching for Arkansas Travelers : RHP Andrew Tipton
|
Batting: RHB Jesus Santiago
|
0-0: Swinging Strike 0-1: Called Strike 0-2: SINGLE (Groundball, 34, EV 100.6 MPH)
|
Batting: LHB Josh Gottlieb
|
0-0: Ball 1-0: Called Strike 1-1: Ball 2-1: Grounds into double play, 5-4-3 (Groundball, 6, EV 89.4 MPH)
|
Batting: RHB Mike Conaway
|
0-0: Called Strike 0-1: Called Strike 0-2: Ball 1-2: Foul Ball, location: 2F 1-2: SINGLE (Groundball, 6MD, EV 94.4 MPH)
|
Batting: RHB Zach Downs
|
0-0: Foul Ball, location: 2F 0-1: Swinging Strike 0-2: Fielders Choice at 2nd, 6-4 (Groundball, 6, EV 91.9 MPH)
|
Top of the 3rd over - 0 runs, 2 hits, 0 errors, 1 left on base; Jackson 0 - Arkansas 0 |
BOTTOM OF THE 3RD |
Arkansas Travelers batting - Pitching for Jackson Generals : LHP Matt Lee
|
Batting: LHB Jonathon Walton
|
0-0: Called Strike 0-1: Ball 1-1: Ground out 4-3 (Groundball, 4M, EV 99.4 MPH)
|
Batting: LHB Griffin Ferris
|
0-0: Ball 1-0: DOUBLE (Flyball, 8RD, EV 105.0 MPH)
|
Batting: LHB Jorge Zermeno
|
0-0: Ball 1-0: Swinging Strike 1-1: Fly out, F6 (Popup, P, EV 80.6 MPH)
|
Batting: RHB Jose Ramirez
|
0-0: Ball 1-0: Foul Ball, location: 2F 1-1: Ball 2-1: Foul Ball, location: 2F 2-2: Foul Ball, location: 2F 2-2: Ground out 5-3 (Groundball, 56S, EV 87.5 MPH)
|
Bottom of the 3rd over - 0 runs, 1 hit, 0 errors, 1 left on base; Jackson 0 - Arkansas 0 |
TOP OF THE 4TH |
Jackson Generals batting - Pitching for Arkansas Travelers : RHP Andrew Tipton
|
Batting: RHB Ryan Criollo
|
0-0: Foul Ball, location: 2F 0-1: Called Strike 0-2: Strikes out looking
|
Batting: LHB Taki Matsui
|
0-0: Ball 1-0: Ball 2-0: Ball 3-0: Ground out U3 (Groundball, 3, EV 86.2 MPH)
|
Batting: RHB Chris Olheiser
|
0-0: SINGLE (Groundball, 34D, EV 107.5 MPH)
|
Batting: LHB Brent Dutcher
|
0-0: Called Strike 0-1: Ball 1-1: Ball 2-1: Ground out U3 (Groundball, 3, EV 100.0 MPH)
|
Top of the 4th over - 0 runs, 1 hit, 0 errors, 1 left on base; Jackson 0 - Arkansas 0 |
BOTTOM OF THE 4TH |
Arkansas Travelers batting - Pitching for Jackson Generals : LHP Matt Lee
|
Batting: RHB Tim Lively
|
0-0: Ball 1-0: Ball 2-0: Foul Ball, location: 2F 2-1: SINGLE (Line Drive, 7S, EV 111.9 MPH)
|
Batting: RHB Ryan Munro
|
0-0: Ball Tim Lively steals 2nd base 1-0: Ball 2-0: Ball 3-0: Base on Balls
|
Batting: RHB Ryuji Ito
|
0-0: Ball 1-0: Called Strike 1-1: Ball 2-1: Foul Ball, location: 2F 2-2: Strikes out swinging
|
Batting: LHB James McCauley
|
0-0: Called Strike 0-1: Called Strike Tim Lively steals 3rd base (no throw) Ryan Munro to second 0-2: Foul Ball, location: 2F 0-2: Fly out, F9 (Flyball, 9LM, EV 108.8 MPH) Runner from 3rd tags up, SCORES, no throw by RF
|
Batting: RHB Juan Martinez
|
0-0: Swinging Strike 0-1: Foul Ball, location: 2F 0-2: Ball 1-2: Ball 2-2: Ball 3-2: Foul Ball, location: 2F 3-2: Base on Balls
|
Batting: LHB Jonathon Walton
|
0-0: Ball 1-0: Swinging Strike 1-1: Hit by Pitch Ryan Munro to third Juan Martinez to second
|
Batting: LHB Griffin Ferris
|
0-0: Swinging Strike 0-1: Foul Ball, location: 2F 0-2: Foul Ball, location: 2F 0-2: Ball 1-2: Ball 2-2: Ball 3-2: Ground out 4-3 (Groundball, 4, EV 90.0 MPH)
|
Bottom of the 4th over - 1 run, 1 hit, 0 errors, 3 left on base; Jackson 0 - Arkansas 1 |
TOP OF THE 5TH |
Jackson Generals batting - Pitching for Arkansas Travelers : RHP Andrew Tipton
|
Batting: RHB Enrique Valdez
|
0-0: Swinging Strike 0-1: Foul Ball, location: 2F 0-2: Foul Ball, location: 2F 0-2: DOUBLE (Flyball, 78XD, EV 102.5 MPH)
|
Batting: RHB Jesus Santiago
|
0-0: Ball 1-0: Ball 2-0: Called Strike 2-1: Foul Ball, location: 2F 2-2: TRIPLE (Line Drive, 8LXD, EV 107.5 MPH) Enrique Valdez scores
|
Batting: LHB Josh Gottlieb
|
0-0: Foul Ball, location: 2F 0-1: Foul Ball, location: 2F 0-2: Ball 1-2: Foul Ball, location: 2F 1-2: Ball 2-2: Ball 3-2: Fly out, F5 (Popup, 5D, EV 67.5 MPH)
|
Batting: RHB Mike Conaway
|
0-0: SINGLE (Groundball, 34D, EV 103.8 MPH) Jesus Santiago scores
|
Batting: RHB Zach Downs
|
0-0: Ball 1-0: Ball 2-0: Called Strike Mike Conaway steals 2nd base 2-1: Foul Ball, location: 2F 2-2: Foul Ball, location: 2F 2-2: Strikes out swinging
|
Batting: RHB Ryan Criollo
|
0-0: Ball 1-0: Called Strike 1-1: Ground out 6-3 (Groundball, 6, EV 107.5 MPH)
|
Top of the 5th over - 2 runs, 3 hits, 0 errors, 1 left on base; Jackson 2 - Arkansas 1 |
BOTTOM OF THE 5TH |
Arkansas Travelers batting - Pitching for Jackson Generals : LHP Matt Lee
|
Batting: LHB Jorge Zermeno
|
0-0: Foul Ball, location: 2F 0-1: Ball 1-1: Swinging Strike 1-2: Foul Ball, location: 2F 1-2: SINGLE (Groundball, 4MS, EV 96.9 MPH)
|
Batting: RHB Jose Ramirez
|
0-0: Ball 1-0: Swinging Strike 1-1: Called Strike 1-2: SINGLE (Groundball, 6M, EV 102.5 MPH) (infield hit) Jorge Zermeno to second
|
Batting: RHB Tim Lively
|
0-0: Ball 1-0: Foul Ball, location: 2F 1-1: SINGLE (Groundball, 6S, EV 65.6 MPH) (infield hit) Jorge Zermeno to third Jose Ramirez to second
|
Batting: RHB Ryan Munro
|
0-0: Ball 1-0: Foul Ball, location: 2F 1-1: Ball 2-1: Ball 3-1: Foul Ball, location: 2F 3-2: Foul Ball, location: 2F 3-2: Foul Ball, location: 2F 3-2: Fly out, F8 (Flyball, 8RM, EV 91.9 MPH)
|
Batting: RHB Ryuji Ito
|
0-0: Ball 1-0: Foul Ball, location: 2F 1-1: Ball 2-1: Grounds into fielders choice 3-2 (Groundball, 34S, EV 90.0 MPH) Jose Ramirez to third Tim Lively to second
|
Batting: LHB James McCauley
|
0-0: Ball 1-0: Called Strike 1-1: Ball 2-1: Ball 3-1: Swinging Strike 3-2: SINGLE (Flyball, 6MD, EV 88.8 MPH) Jose Ramirez scores Tim Lively to third Ryuji Ito to second Tim Lively scores Ryuji Ito to third
|
Batting: RHB Juan Martinez
|
0-0: Ball 1-0: Called Strike 1-1: Ball 2-1: Swinging Strike 2-2: SINGLE (Groundball, 6MD, EV 100.0 MPH) Ryuji Ito scores James McCauley to second
|
Pitching: RHP Jamie Johnston
|
|
Batting: LHB Jonathon Walton
|
0-0: Foul Ball, location: 2F 0-1: Swinging Strike 0-2: Strikes out looking
|
Bottom of the 5th over - 3 runs, 5 hits, 0 errors, 2 left on base; Jackson 2 - Arkansas 4 |
TOP OF THE 6TH |
Jackson Generals batting - Pitching for Arkansas Travelers : RHP Andrew Tipton
|
Batting: LHB Taki Matsui
|
0-0: Fly out, F9 (Flyball, 9S, EV 78.1 MPH)
|
Batting: RHB Chris Olheiser
|
0-0: Ball 1-0: Called Strike 1-1: Swinging Strike 1-2: Ball 2-2: Strikes out swinging
|
Batting: LHB Brent Dutcher
|
0-0: Called Strike 0-1: Ball 1-1: SINGLE (Groundball, 34S, EV 68.1 MPH) (infield hit)
|
Batting: RHB Enrique Valdez
|
0-0: Called Strike 0-1: Ball 1-1: Ball 2-1: Fly out, F9 (Flyball, 9S, EV 85.6 MPH)
|
Top of the 6th over - 0 runs, 1 hit, 0 errors, 1 left on base; Jackson 2 - Arkansas 4 |
BOTTOM OF THE 6TH |
Arkansas Travelers batting - Pitching for Jackson Generals : RHP Jamie Johnston
|
Batting: LHB Griffin Ferris
|
0-0: Foul Ball, location: 2F 0-1: Ball 1-1: Ball 2-1: Fly out, F7 (Flyball, 78S, EV 92.5 MPH)
|
Batting: LHB Jorge Zermeno
|
0-0: Foul Ball, location: 2F 0-1: Ball 1-1: Swinging Strike 1-2: Ball 2-2: Fly out, F6 (Popup, 6, EV 66.2 MPH)
|
Batting: RHB Jose Ramirez
|
0-0: Ball 1-0: SINGLE (Groundball, 56D, EV 99.4 MPH)
|
Batting: RHB Tim Lively
|
0-0: Called Strike 0-1: Ball Jose Ramirez steals 2nd base 1-1: SINGLE (Line Drive, 4M, EV 100.6 MPH) Jose Ramirez to third Runner from 3rd tries for Home, SAFE, throw by CF to home
|
Batting: RHB Ryan Munro
|
0-0: Called Strike 0-1: Ball 1-1: Ball 2-1: Ball 3-1: Foul Ball, location: 2F 3-2: Foul Ball, location: 2F 3-2: Base on Balls Tim Lively to second
|
Batting: RHB Ryuji Ito
|
0-0: Foul Ball, location: 2F 0-1: Called Strike 0-2: Ball 1-2: Ball 2-2: Fielders Choice at 2nd, 6-4 (Groundball, 6, EV 81.2 MPH)
|
Bottom of the 6th over - 1 run, 2 hits, 0 errors, 2 left on base; Jackson 2 - Arkansas 5 |
TOP OF THE 7TH |
Jackson Generals batting - Pitching for Arkansas Travelers : RHP Andrew Tipton
|
Now in LF: Justin Alexander
|
|
Now in CF: Juan Martinez
|
|
Batting: RHB Jesus Santiago
|
0-0: Ball 1-0: Ball 2-0: Foul Ball, location: 2F 2-1: SINGLE (Groundball, 6M, EV 101.9 MPH)
|
Pitching: LHP Jose Rivera
|
|
Batting: LHB Josh Gottlieb
|
0-0: Sac Bunt to 3S - play at first, batter OUT! 3-1 Jesus Santiago to second
|
Pitching: LHP Steve McClain
|
|
Batting: RHB Mike Conaway
|
0-0: Called Strike 0-1: Ball 1-1: Ball 2-1: Called Strike 2-2: Ground out 5-3 (Groundball, 5, EV 103.8 MPH)
|
Batting: RHB Zach Downs
|
0-0: Ball 1-0: Ball 2-0: Foul Ball, location: 2F 2-1: Foul Ball, location: 2F 2-2: Ball 3-2: Strikes out swinging
|
Top of the 7th over - 0 runs, 1 hit, 0 errors, 1 left on base; Jackson 2 - Arkansas 5 |
BOTTOM OF THE 7TH |
Arkansas Travelers batting - Pitching for Jackson Generals : RHP Jamie Johnston
|
Pitching: LHP Ben Burton
|
|
Batting: LHB Justin Alexander
|
0-0: SINGLE (Groundball, 25, EV 67.5 MPH) (infield hit)
|
Batting: RHB Juan Martinez
|
0-0: Called Strike 0-1: SINGLE (Groundball, 13, EV 82.5 MPH) (infield hit) Justin Alexander to second
|
Batting: LHB Jonathon Walton
|
0-0: Called Strike 0-1: Bunt missed! 0-2: Grounds into double play, U6-3 (Groundball, 4M, EV 106.2 MPH) Justin Alexander to third
|
Batting: LHB Griffin Ferris
|
0-0: Called Strike 0-1: Ball 1-1: SINGLE (Groundball, 4D, EV 103.8 MPH) Justin Alexander scores
|
Batting: LHB Jorge Zermeno
|
0-0: Ball 1-0: Ground out 4-3 (Groundball, 4, EV 86.9 MPH)
|
Bottom of the 7th over - 1 run, 3 hits, 0 errors, 1 left on base; Jackson 2 - Arkansas 6 |
TOP OF THE 8TH |
Jackson Generals batting - Pitching for Arkansas Travelers : LHP Steve McClain
|
Batting: RHB Ryan Criollo
|
0-0: Called Strike 0-1: Ball 1-1: Swinging Strike 1-2: Foul Ball, location: 2F 1-2: Ball 2-2: Strikes out swinging
|
Batting: LHB Taki Matsui
|
0-0: Ball 1-0: Called Strike 1-1: Ball 2-1: Called Strike 2-2: Foul Ball, location: 2F 2-2: Strikes out looking
|
Batting: RHB Chris Olheiser
|
0-0: Ball 1-0: Ball 2-0: Ground out 6-3 (Groundball, 56, EV 89.4 MPH)
|
Top of the 8th over - 0 runs, 0 hits, 0 errors, 0 left on base; Jackson 2 - Arkansas 6 |
BOTTOM OF THE 8TH |
Arkansas Travelers batting - Pitching for Jackson Generals : LHP Ben Burton
|
Batting: RHB Jose Ramirez
|
0-0: Called Strike 0-1: Swinging Strike 0-2: Ball 1-2: Strikes out swinging
|
Batting: RHB Tim Lively
|
0-0: Ball 1-0: Ground out 1-3 (Groundball, 13, EV 68.8 MPH)
|
Batting: RHB Ryan Munro
|
0-0: Called Strike 0-1: Fly out, F9 (Flyball, 9D, EV 105.6 MPH)
|
Bottom of the 8th over - 0 runs, 0 hits, 0 errors, 0 left on base; Jackson 2 - Arkansas 6 |
TOP OF THE 9TH |
Jackson Generals batting - Pitching for Arkansas Travelers : LHP Steve McClain
|
Pitching: LHP Bryan Payne
|
|
Batting: LHB Brent Dutcher
|
0-0: Ball 1-0: Fly out, F8 (Line Drive, 8RM, EV 93.1 MPH)
|
Batting: RHB Enrique Valdez
|
0-0: Ball 1-0: Called Strike 1-1: Foul Ball, location: 2F 1-2: Strikes out swinging, 2-3 out at first.
|
Batting: RHB Jesus Santiago
|
0-0: Swinging Strike 0-1: Called Strike 0-2: Ball 1-2: Strikes out swinging
|
Top of the 9th over - 0 runs, 0 hits, 0 errors, 0 left on base; Jackson 2 - Arkansas 6 |
|